AoeStats
← TIGER35397

Arabia

508949727Analyzed
1v1 RM · 8d ago on Sep 24, 2026· 37m 7s· 2 players
Game mode
Random Map
Map size
Tiny (2 player)
Population
200
Speed
Normal
Resources
Standard
Victory
Conquest
Starting age
Dark Age
Ending age
Imperial Age
RankedLock teamsTeams togetherTeam positionsShared explorationLock speedFull tech treeHidden civsTurbo modeCheats
Victory
Defeat
🇺🇸 Mongols · United States
1276
+15
🇪🇸 Goths · Spain
1260
-15
oldaq
0:40 Loom
9:59 Feudal Age
10:34 Double-Bit Axe
12:47 Wheelbarrow
13:53 Horse Collar
19:01 Fletching
23:03 Castle Age
22:57 Padded Archer Armor
23:06 Elite Skirmisher
23:44 Bodkin Arrow
27:32 Bow Saw
30:46 Forging
30:41 Scale Barding Armor
30:39 Husbandry
31:04 Gold Mining
31:07 Town Watch
35:32 Hand Cart
TIGER35397
6:08 Loom
9:03 Feudal Age
9:21 Man-at-Arms
9:49 Double-Bit Axe
14:59 Fletching
19:44 Castle Age
18:17 Padded Archer Armor
19:04 Bloodlines
19:00 Gold Mining
21:30 Bodkin Arrow
22:00 Husbandry
23:41 Wheelbarrow
25:53 Leather Archer Armor
29:30 Scale Barding Armor
29:55 Ballistics
35:45 Chain Barding Armor
Connection lost

Rejoining the realm…

Still unreachable

The connection could not be restored.

Session expired

The server has moved on; the page needs a fresh start.